 Dungeon Crawl Stone Soup version 0.17-a0-1420-geb41feb (webtiles) character file.

50452 Geeful the Martial Artist (level 14, -2/99 HPs)
             Began as an Octopode Abyssal Knight on June 23, 2015.
             Was the Champion of Lugonu.
             Slain by a nine-headed hydra (11 damage)
             ... on level 8 of the Lair of Beasts on June 24, 2015.
             The game lasted 01:58:44 (31030 turns).

Geeful the Martial Artist (OpAK)                   Turns: 31030, Time: 01:58:44

Health: -2/99      AC:  3    Str: 15    XL:     14   Next: 55%
Magic:  31/35      EV: 22    Int: 17    God:    Lugonu [******]
Gold:   1248       SH:  0    Dex: 20    Spells: 3 memorised, 20 levels left

rFire  . . .     SeeInvis +       - Unarmed
rCold  . . .     Clarity  .     (shield currently unavailable)
rNeg   . . .     SustAt   .     (helmet restricted)
rPois  +         Gourm    .     (no amulet)
rElec  .         Spirit   .     h - +5 ring of dexterity
rCorr  .         Warding  .     g - ring of magical power
rMut   .         Stasis   .     l - +3 ring of strength
MR     ++...                    v - ring of see invisible
Stlth  +++.......               A - +2 ring of protection
                                R - +2 ring of intelligence
                                V - ring of poison resistance
                                (no ring)

@: blade tentacles (expiring), studying Shields, very resistant to hostile
enchantments, fairly stealthy
A: almost no armour, amphibious, 8 rings, constrict 8, camouflage 1, magic
resistance 1, gelatinous body 1
a: End Transformation, Depart the Abyss, Bend Space, Banish, Corrupt, Enter the
Abyss, Renounce Religion


You were on level 8 of the Lair of Beasts.
You worshipped Lugonu.
Lugonu was exalted by your worship.
You were hungry.
You had blades for tentacles.
You visited 2 branches of the dungeon, and saw 20 of its levels.
You visited the Abyss 1 time.
You also visited: Labyrinth, Sewer and Volcano.

You collected 1248 gold pieces.

Inventory:

Hand weapons
 O - a +2 blowgun
 Q - the +7 shortbow of the Fifty Tales {speed, +Fly rF- Int+5}
   (You found it on level 1 of the Lair of Beasts)

   Attacks with this weapon are significantly faster.
   It affects your intelligence (+5).
   It makes you vulnerable to fire.
   It lets you fly.
Missiles
 e - 20 poisoned arrows
 p - 4 throwing nets (quivered)
 L - 25 poisoned needles
Armour
 b - a +2 buckler (melded)
 f - a +0 shield
Jewellery
 g - a ring of magical power (right scythe-like blade)
 h - a +5 ring of dexterity (left scythe-like blade)
 l - a +3 ring of strength (on tentacle)
 v - a ring of see invisible (on tentacle)
 A - a +2 ring of protection (on tentacle)
 R - a +2 ring of intelligence (on tentacle)
 V - a ring of poison resistance (on tentacle)
Magical devices
 j - a wand of draining (8)
 o - a wand of hasting (6)
 q - a wand of fire (7)
 r - a wand of enslavement (3)
 s - a wand of polymorph (12)
 u - a wand of digging (8)
 E - a wand of polymorph (13)
 J - a wand of frost (20)
 P - a wand of draining (6)
 U - a wand of fire (6)
 W - a wand of enslavement (13)
Scrolls
 c - a scroll of recharging
 d - 6 scrolls of blinking
 m - a scroll of enchant weapon
 n - 13 scrolls of identify
 t - 5 scrolls of fear
 y - 2 scrolls of teleportation
 F - 2 scrolls of remove curse
 G - 2 scrolls of amnesia
 H - 2 scrolls of magic mapping
 I - 6 scrolls of enchant armour
 M - 3 scrolls of fog
Potions
 i - 7 potions of curing
 z - 2 potions of heal wounds
 C - 2 potions of brilliance
 K - a potion of might
 N - a potion of haste
 S - 2 potions of cancellation
Books
 D - a manual of Shields
Miscellaneous
 x - a phial of floods
 Z - a lamp of fire
Comestibles
 a - 19 bread rations
 k - 9 chunks of flesh
 w - 9 slices of pizza
 B - 9 beef jerkies
 T - 4 fruits


   Skills:
 + Level 10.7 Fighting
 + Level 10.8 Dodging
 * Level 5.6 Shields
 + Level 11.9 Unarmed Combat
 - Level 8.4 Spellcasting
 - Level 9.6 Transmutations
 - Level 10.0 Invocations


You had 20 spell levels left.
You knew the following spells:

 Your Spells              Type           Power        Failure   Level  Hunger
a - Passwall              Trmt/Erth      ###.......   36%         3    #......
b - Blade Hands           Trmt           #####.....   41%         5    #####..
c - Beastly Appendage     Trmt           #####.       10%         1    None


Dungeon Overview and Level Annotations

Branches:
Dungeon (12/15)            Temple (0/1) D:5            Lair (8/8) D:11
  Swamp (0/4) Lair:3        Snake (0/4) Lair:6        Slime (0/6) Lair:6
    Orc (0/4) D:9

Altars:
Dithmenos
Gozag
Makhleb
Nemelex Xobeh
Qazlal
Ru
Vehumet
Xom
The Shining One

Annotations:
D:8 Joseph
D:11 exclusion: hydra
Lair:3 Rupert
Lair:6 exclusion: 2 oklob plants, Maud
Abyss:1 Fannar


Innate Abilities, Weirdness & Mutations

You cannot wear most types of armour.
You are amphibious.
You can wear up to eight rings at the same time.
You can use your tentacles to constrict eight enemies at once.
Your skin changes colour to match your surroundings (Stealth).
Your rubbery body absorbs attacks (AC +1).
You are resistant to hostile enchantments.


Message History

You lop one of the seven-headed hydra's heads off!
The six-headed hydra grows two more!
You slash the eight-headed hydra! You slash the eight-headed hydra.
The eight-headed hydra is severely wounded.
The eight-headed hydra bites you! x2
The eight-headed hydra misses you. The eight-headed hydra bites you!
The eight-headed hydra misses you. The eight-headed hydra bites you!
The eight-headed hydra bites you. The eight-headed hydra misses you.
The boulder beetle curls into a ball and starts rolling!
You chop one of the eight-headed hydra's heads off!
The seven-headed hydra grows two more!
You slash the nine-headed hydra!
The nine-headed hydra is severely wounded.
The nine-headed hydra bites you but does no damage.
The nine-headed hydra misses you. The nine-headed hydra bites you.
The nine-headed hydra bites you!
* * * LOW HITPOINT WARNING * * *
The nine-headed hydra bites you!
* * * LOW HITPOINT WARNING * * *
The nine-headed hydra bites you!
You die...

♣....♣ ♣♣♣. ♣...♣♣
♣♣♣..♣ ♣♣..♣ ♣♣..♣♣♣
♣♣.♣♣♣♣..♣♣ ♣..♣♣..♣♣
♣♣..♣..♣ + ♣♣♣ ♣♣♣..♣♣
♣♣♣.♣♣.♣♣ ♣♣..♣♣
♣....D@.♣♣ ♣♣..♣♣
♣§§B.♣♣♣...♣♣♣..♣♣♣♣♣♣♣
..♣ ♣♣♣♣..♣.♣♣♣♣...♣♣♣
♣♣♣...♣.......♣
♣♣....♣♣♣♣♣♣. ♣♣..♣♣ ♣♣
♣.♣♣ ♣.♣♣ ♣♣♣♣♣ ♣♣♣♣
♣♣♣.♣♣


You could see a boulder beetle and a nine-headed hydra.

Vanquished Creatures
  A minotaur (Lab)
  Harold (Lair:4)
  A hydra (Lair:5)
  A queen ant (Lair:3)
  An unseen horror (Lab)
  A cyclops (D:11)
  The ghost of Geeful the Insei, an experienced OpTm (D:7)
  4 black mambas
  Maurice (D:12)
  4 elephants (Lair:6)
  3 torpor snails
  Psyche (D:8)
  A guardian serpent (Lair:6)
  17 spiny frogs
  3 komodo dragons
  5 fire drakes
  6 wandering mushrooms (Lab)
  2 polar bears
  3 boulder beetles
  22 blink frogs
  2 deep elf magi
  2 trapdoor spiders
  55 yaks
  7 hungry ghosts
  9 hippogriffs
  A basilisk (Lair:5)
  4 swamp worms (Lair:3)
  18 wolves
  A steam dragon (Lair:2)
  The ghost of Geeful the Insei, an average OpTm (D:3)
  The ghost of Geeful the Insei, an average OpTm (D:4)
  11 water moccasins
  20 soldier ants (Lair:3)
  A swamp drake (D:9)
  2 black bears
  6 orc warriors
  2 sky beasts
  13 porcupines
  3 phantoms
  6 centaurs
  2 ice beasts
  4 ogres
  A big kobold (D:7)
  15 crocodiles
  An earth elemental (Lab)
  12 giant frogs
  A wyvern zombie (D:9)
  A gnoll sergeant (D:5)
  6 scorpions
  A water moccasin skeleton (D:9)
  4 killer bees (D:9)
  11 wights
  2 electric eels (Lair:5)
  A giant frog zombie (D:9)
  2 jellies (D:11)
  A centaur zombie (D:5)
  8 hounds
  6 crimson imps
  Crazy Yiuf (D:7)
  A centaur skeleton (D:7)
  2 giant frog skeletons
  5 orc priests
  8 orc wizards
  6 iguanas
  25 worker ants
  24 sheep
  2 hound skeletons
  7 gnolls (D:5)
  55 river rats
  A shadow imp (D:11)
  19 adders
  An adder zombie (D:5)
  An ooze (D:2)
  3 adder skeletons
  5 worms
  34 orcs
  5 ball pythons
  9 bats
  A bat zombie (D:7)
  4 giant cockroaches
  16 hobgoblins
  12 jackals
  8 quokkas
  3 giant geckos
  2 giant gecko skeletons
  11 giant newts
  13 goblins
  16 kobolds
  14 rats
637 creatures vanquished.

Vanquished Creatures (others)
  3 hydras
  A troll (D:8)
  A deep elf mage (D:11)
  An adder (D:2)
  2 goblins (D:2)
  A bat (D:2)
  7 fungi
  3 plants
19 creatures vanquished.

Grand Total: 656 creatures vanquished

Notes
Turn   | Place    | Note
--------------------------------------------------------------
     0 | Abyss:1  | Geeful the Octopode Abyssal Knight began the quest for the Orb.
     0 | Abyss:1  | Reached XP level 1. HP: 16/16 MP: 2/2
    31 | Abyss:1  | Noticed an ancient zyme
    35 | Abyss:1  | Noticed a tentacled starspawn
    38 | Abyss:1  | Noticed a chaos spawn
    40 | D:1      | Escaped the Abyss
   260 | D:1      | Acquired Lugonu's first power
   401 | D:1      | Reached skill level 1 in Shields
   402 | D:1      | Reached XP level 2. HP: 14/21 MP: 3/3
  1199 | D:2      | Found a stormy altar of Qazlal.
  1345 | D:2      | Reached XP level 3. HP: 24/26 MP: 4/4
  2161 | D:3      | Found a glowing golden altar of the Shining One.
  2171 | D:3      | Noticed Geeful's ghost (average OpTm)
  2933 | D:3      | Reached XP level 4. HP: 23/31 MP: 5/5
  3085 | D:3      | Noticed a giant frog
  3095 | D:3      | Killed a giant frog
  3095 | D:3      | Reached skill level 4 in Dodging
  3095 | D:3      | Reached XP level 5. HP: 31/36 MP: 6/6
  3288 | D:3      | Acquired Lugonu's second power
  3554 | D:3      | Gained mutation: You are resistant to hostile enchantments. [potion of beneficial mutation]
  3571 | D:3      | Killed Geeful's ghost
  3571 | D:3      | Reached XP level 6. HP: 23/42 MP: 7/7
  4151 | D:4      | Noticed Geeful's ghost (average OpTm)
  4156 | D:5      | Entered Level 5 of the Dungeon
  4170 | D:4      | Killed Geeful's ghost
  4170 | D:4      | Reached skill level 5 in Dodging
  4170 | D:4      | Reached XP level 7. HP: 41/46 MP: 8/8
  4987 | D:5      | Found a staircase to the Ecumenical Temple.
  5210 | D:5      | Acquired Lugonu's third power
  5349 | D:5      | Found a radiant altar of Vehumet.
  5415 | D:5      | Reached XP level 8. HP: 44/54 MP: 9/9
  5565 | D:5      | Reached skill level 5 in Unarmed Combat
  5582 | D:5      | Found a burning altar of Makhleb.
  5825 | D:5      | Reached skill level 6 in Dodging
  5929 | D:5      | Found an opulent altar of Gozag.
  6189 | D:5      | Reached skill level 5 in Fighting
  6694 | D:6      | Found a glowing drain.
  6722 | Sewer    | Entered a sewer
  6752 | Sewer    | Acquired Lugonu's fourth power
  7730 | D:7      | Reached XP level 9. HP: 41/61 MP: 11/11
  7819 | D:7      | Reached skill level 7 in Unarmed Combat
  7959 | D:7      | Noticed Geeful's ghost (experienced OpTm)
  8153 | D:7      | Killed Geeful's ghost
  8443 | D:7      | Reached skill level 8 in Unarmed Combat
  8485 | D:7      | Noticed Crazy Yiuf
  8490 | D:7      | Killed Crazy Yiuf
  8926 | D:8      | Found a sparkling altar of Nemelex Xobeh.
  8926 | D:8      | Noticed Joseph
  9075 | D:8      | Noticed Psyche
  9089 | D:8      | Killed Psyche
  9089 | D:8      | Reached skill level 5 in Invocations
  9089 | D:8      | Reached XP level 10. HP: 46/69 MP: 13/13
  9901 | D:9      | Reached skill level 9 in Unarmed Combat
 10130 | D:9      | Found a sacrificial altar of Ru.
 10939 | D:9      | Acquired Lugonu's fifth power
 11205 | D:9      | Found a staircase to the Orcish Mines.
 11327 | D:10     | Entered Level 10 of the Dungeon
 11416 | D:10     | Learned a level 3 spell: Passwall
 11466 | D:10     | Found a shadowy altar of Dithmenos.
 11587 | D:10     | Noticed Fannar
 11799 | D:10     | Noticed a hill giant
 11800 | D:10     | Banished a hill giant
 11800 | D:10     | Reached skill level 1 in Transmutations
 12031 | D:10     | Banished Fannar
 12031 | D:10     | Reached skill level 1 in Spellcasting
 12132 | D:10     | Reached XP level 11. HP: 66/76 MP: 15/15
 12945 | D:11     | Reached skill level 10 in Unarmed Combat
 13243 | D:11     | Noticed a seven-headed hydra
 13485 | D:11     | Noticed a cyclops
 13500 | D:11     | Killed a cyclops
 14004 | D:11     | Found a staircase to the Lair.
 14282 | D:12     | Noticed Maurice
 14292 | D:12     | Killed Maurice
 14619 | Lair:1   | Entered Level 1 of the Lair of Beasts
 15073 | Lair:1   | Got a slimy shortbow
 15074 | Lair:1   | Identified the +7 shortbow of the Fifty Tales {speed, +Fly rF- Int+5} (You found it on level 1 of the Lair of Beasts)
 15865 | Lair:2   | Found a dark tunnel.
 15870 | Volcano  | Entered a volcano
 16146 | Lair:2   | Reached skill level 5 in Transmutations
 16500 | Lair:2   | Reached XP level 12. HP: 81/84 MP: 18/18
 17531 | Lair:3   | Found a staircase to the Snake Pit.
 17534 | Lair:3   | Noticed a six-headed hydra
 17539 | Lair:3   | Banished a six-headed hydra
 17635 | Lair:3   | Noticed Rupert
 18014 | Lair:3   | Found a staircase to the Swamp.
 18203 | Lair:3   | Reached skill level 5 in Spellcasting
 18667 | Lair:3   | Noticed a queen ant
 18702 | Lair:3   | Killed a queen ant
 20564 | Lair:4   | Noticed a five-headed hydra
 20566 | Lair:4   | Banished a five-headed hydra
 20840 | Lair:4   | Reached XP level 13. HP: 47/90 MP: 22/22
 21568 | Lair:4   | Reached skill level 11 in Unarmed Combat
 21982 | Lair:4   | Noticed Harold
 22413 | Lair:4   | Learned a level 5 spell: Blade Hands
 22413 | Lair:4   | Upgraded the game from 0.17-a0-1416-gdf36fac to 0.17-a0-1420-geb41feb
 23004 | Lair:4   | Killed Harold
 23644 | Lair:5   | Reached skill level 10 in Dodging
 23989 | Lair:5   | Learned a level 1 spell: Beastly Appendage
 24472 | Lair:6   | Noticed Maud
 25099 | Lair:6   | Reached skill level 10 in Fighting
 25502 | Lair:6   | Found a staircase to the Snake Pit.
 25926 | Lair:6   | Found a staircase to the Slime Pits.
 26362 | Lair:6   | Found a shimmering altar of Xom.
 26423 | Lair:7   | Found a labyrinth entrance.
 26433 | Lab      | Entered a labyrinth
 27138 | Lab      | Reached XP level 14. HP: 87/99 MP: 26/26
 27203 | Lab      | Noticed a minotaur
 27357 | Lab      | Killed a minotaur
 28199 | Lair:7   | Reached skill level 10 in Invocations
 29541 | Lair:8   | Entered Level 8 of the Lair of Beasts
 30145 | Lair:8   | Reached skill level 5 in Shields
 31030 | Lair:8   | Slain by a nine-headed hydra

Vault maps used:
D:1:      onia_arrival_mini_maze_b
D:2:      lemuel_crystal_altar, minmay_bad_closet, lemuel_old_faithful
D:3:      nicolae_tso_swordbearing_angel, first_bread
D:4:      serial_aquarium, aquarium_bridge_square, aquarium_bridge_square,
          aquarium_window_fake, aquarium_window_2, aquarium_window_2,
          aquarium_view_2d
D:5:      black_bear_nest_1, nicolae_gozag_cash_rules_everything_around_me,
          kennysheep_little_box, makhleb_grotto_becter, temple_doors_d
D:6:      portal_sewer_entry_a
D:7:      uniq_crazy_yiuf_cottage
D:8:      kennysheep_six_static_rooms, nemelex_xobeh_ov_fountains_minmay,
          basic_altar, uniq_psyche, uniq_joseph
D:9:      nicolae_overflow_hidden_temple, erik_orc_1, grunt_pizzeria,
          nicolae_ru_the_path_less_chosen
D:10:     spider_trap, grunt_dithmenos_smoke, uniq_fannar
D:11:     due_lair_maze_entry_diamond, portal_ice_cave_entry_pillars_01,
          nicolae_qazlal_eye_of_the_storm
D:12:     tgw_lugonu_bribe, uniq_erolcha, uniq_maurice
Lair:1:   serial_bayou_lake_a
Lair:2:   enter_volcano_4, bobbens_dragon_lair_wall, lemuel_fruit_fields
Lair:3:   nicolae_swamp_entry_splash_gauntlet, dummy_snake_entry,
          grunt_forest_stairs_basic, minivault_29, uniq_rupert
Lair:4:   uniq_harold
Lair:6:   minmay_snake_entry_spellcaster, minmay_slime_entry_oklob_enclosed,
          lemuel_centaur_altar, uniq_maud
Lair:7:   lab_entry_generic
Lair:8:   evil_forest
Lab:      labyrinth_watery, nicolae_lab_t_cross, nicolae_lab_hexagon,
          nicolae_lab_big_swirl, nicolae_lab_blocks, nicolae_lab_grate,
          lab_hedge, lab_block, nicolae_lab_plus, nicolae_lab_lava, lab_fountain
Sewer:    sewer_co_cracked_pipes
Volcano:  volcano_lake

Action                   |  1- 3 |  4- 6 |  7- 9 | 10-12 | 13-15 || total
-------------------------+-------+-------+-------+-------+-------++-------
Melee: Unarmed           |    92 |    85 |   324 |   861 |   629 ||  1991
 Fire: Blowgun           |       |       |       |     2 |    18 ||    20
Throw: Throwing net      |       |       |     2 |       |       ||     2
 Cast: Blade Hands       |       |       |       |       |    43 ||    43
Invok: Depart the Abyss  |     1 |       |       |       |       ||     1
       Banish            |       |       |       |    12 |     6 ||    18
Evoke: Wand              |       |       |    35 |    10 |     2 ||    47
  Use: Scroll            |     8 |     2 |    16 |    10 |     9 ||    45
       Potion            |     4 |     1 |     4 |     8 |     3 ||    20
 Stab: Sleeping          |     9 |     6 |    18 |    16 |     9 ||    58
       Distracted        |       |       |     2 |     3 |       ||     5
  Eat: Chunk             |     6 |     4 |    14 |    27 |    34 ||    85
       Beef jerky        |       |       |     1 |     3 |       ||     4
       Meat ration       |       |       |       |     2 |     2 ||     4
       Pizza             |       |       |       |     1 |       ||     1
       Royal jelly       |       |       |       |     2 |       ||     2
       Fruit             |       |       |       |     3 |       ||     3
       Bread ration      |       |       |       |       |     2 ||     2
